 Dungeon Crawl Stone Soup version 0.30-a0-772-g5528072125 (webtiles) character file.

Game seed: 7282581631575597392

67 avis the Shooter (level 3, -4/29 HPs)
             Began as a Demigod Hunter on Feb 13, 2023.
             Slain by a phantom (6 damage)
             ... on level 4 of the Dungeon.
             The game lasted 00:08:57 (1534 turns).

avis the Shooter (Demigod Hunter)                   Turns: 1534, Time: 00:08:57

Health: -4/29      AC:  4    Str: 12    XL:     3   Next: 72%
Magic:  5/5        EV: 12    Int: 11    God:
Gold:   72         SH:  0    Dex: 21    Spells: 2/2 levels left

rFire   . . .      SeeInvis .    a - +0 arbalest
rCold   . . .      Faith    .    (shield currently unavailable)
rNeg    . . .      Spirit   .    c - +0 leather armour
rPois   .          Reflect  .    (no helmet)
rElec   .          Harm     .    (no cloak)
rCorr   .          Rampage  .    (no gloves)
Will    .....                    l - +0 pair of boots
Stlth   ++                       (no amulet)
HPRegen 0.24/turn                (no ring)
MPRegen 0.09/turn                (no ring)

@: no status effects
A: high MP 1, forlorn, divine attributes
a: no special abilities


You were on level 4 of the Dungeon.
You visited 1 branch of the dungeon, and saw 3 of its levels.

You collected 72 gold pieces.

Inventory:

Hand Weapons
 a - a +0 arbalest (weapon)
 h - a +0 short sword
 w - a +0 shortbow
Missiles
 g - 4 boomerangs
Armour
 c - a +0 leather armour (worn)
 l - a +0 pair of boots (worn)
 p - the +1 pair of boots "Dirakkut" {rC+ rN+ Dex-4 SInv}
   (You found it on level 2 of the Dungeon)

   Dex:       It affects your dexterity (-4).
   rC:        It protects you from cold.
   rN:        It protects you from negative energy.
   SInv:      It lets you see invisible.
Jewellery
 q - a ring of protection from fire
 t - a ring of fire
Scrolls
 b - a scroll of immolation
 d - a scroll of enchant armour {unknown}
 j - a scroll of noise {unknown}
 m - a scroll of amnesia {unknown}
 n - 7 scrolls of identify {unknown}
 o - a scroll of teleportation {unknown}
Potions
 e - a potion of haste {unknown}
 f - a potion of might {unknown}
 i - a potion of lignification {unknown}
 k - a potion of brilliance {unknown}
 r - a potion of curing {unknown}
 s - a potion of heal wounds {unknown}


   Skills:
 - Level 2.0 Fighting
 * Level 4.9 Ranged Weapons
 - Level 2.0 Dodging
 - Level 1.0 Stealth


You had 2 spell levels left.
You didn't know any spells.
Your spell library was empty.

Dungeon Overview and Level Annotations

Branches:
Dungeon (2/15)

Shops:
D:1 [


Innate Abilities, Weirdness & Mutations

You have an increased reservoir of magic. (+10% MP)
You shall have no god before yourself.
Your divine heritage dramatically boosts your attributes as you level up.


Message History

Fire: a) +0 arbalest
Press: ? - help, Q - select action, (/) - cycle Shift-Dir - straight line, f/p - phantom
Aim: a phantom (lightly damaged, 50% to hit)
You shoot a bolt. The bolt hits the phantom!
The phantom is severely damaged.
The phantom hits you.
The phantom blinks!
You blink.
The phantom hits you but does no damage.
Fire: a) +0 arbalest
Press: ? - help, Q - select action, (/) - cycle Shift-Dir - straight line, f/p - phantom
Aim: a phantom (heavily damaged, 50% to hit)
You shoot a bolt. The bolt hits the phantom.
The phantom is severely damaged.
The phantom hits you.
Fire: a) +0 arbalest
Press: ? - help, Q - select action, (/) - cycle Shift-Dir - straight line, f/p - phantom
Aim: a phantom (severely damaged, 50% to hit)
You shoot a bolt.
The bolt hits the phantom but does no damage.
The phantom is severely damaged.
The phantom hits you!
* * * LOW HITPOINT WARNING * * *
The phantom blinks!
You blink.
An orc comes into view. It is wielding a +0 club.
The phantom hits you but does no damage.
Fire: a) +0 arbalest
Press: ? - help, Q - select action, (/) - cycle Shift-Dir - straight line, f/p - phantom
Aim: a phantom (severely damaged, 50% to hit)
You shoot a bolt. The bolt hits the phantom!
The phantom is almost destroyed.
The phantom hits you.
* * * LOW HITPOINT WARNING * * *
The phantom blinks!
You blink.
The phantom hits you.
* * * LOW HITPOINT WARNING * * *
The phantom blinks!
You blink.
Fire: a) +0 arbalest
Press: ? - help, Q - select action, (/) - cycle Shift-Dir - straight line, f/p - phantom
Aim: a phantom (almost destroyed, 50% to hit)
You shoot a bolt. The bolt closely misses the phantom.
The phantom hits you.
You die...

#o##.###.#. #)#
.# #.# .# #.# oo
###ยง# ## .#
#...# .# #.###
####.#
###.#####....#
#@W^#...#....###
#.8...8...8...>#
#...#...#...##.#
##.###.###.## #
#...#...#...##.#
#.8...8...8....#
#...#...#...##.#
##.###.###.## #
#...#...#...#


You could see a phantom.

Vanquished Creatures
  A worm (D:2)
  2 dart slugs
  2 orcs (D:4)
  7 endoplasms
  A giant cockroach (D:2)
  5 goblins
  9 hobgoblins
  2 jackals (D:1)
  6 kobolds
  2 quokkas (D:2)
  5 ball pythons
  5 bats
  3 frilled lizards
  2 rats
52 creatures vanquished.

Notes
Turn   | Place    | Note
-------+----------+-------------------------------------------
     0 | D:1      | avis the Demigod Hunter began the quest for the Orb.
     0 | D:1      | Reached XP level 1. HP: 17/17 MP: 3/3
   189 | D:1      | Reached skill level 4 in Ranged Weapons
   192 | D:1      | Reached XP level 2. HP: 24/24 MP: 4/4
   203 | D:1      | Reached skill level 1 in Stealth
   526 | D:1      | Reached XP level 3. HP: 29/29 MP: 5/5
   543 | D:1      | Found Agede's Antique Armour Shoppe.
   789 | D:2      | Identified the +1 pair of boots "Dirakkut" {rC+ rN+ Dex-4
                  | SInv}
  1487 | D:2      | You fall into a shaft and drop 2 floors!
  1517 | D:4      | Noticed a phantom
  1534 | D:4      | Slain by a phantom

Illustrated notes

Levels and vault maps discovered:
D:1:      dpeg_arrival_tiny_k, layout_basic, serial_shops, nicolae_diamond_shop
D:2:      layout_basic
D:4:      layout_loops_ring, minmay_misc_feat_four_crosses

Skill      XL: |  1  2 |
---------------+-------+-----
Fighting       | 2 |  2.0
Ranged Weapons | 4 |  4.9
Dodging        | 2 |  2.0
Stealth        | 1 |  1.0

Action                     || total
---------------------------++-------
   Fire: Shortbow          ||    90
         Arbalest          ||    18
 Armour: Leather armour    ||    13
  Dodge: Dodged            ||    15

Table legend: (Time is in decaauts)
 A = Elapsed time spent in this place.
 B = Non-inter-level travel time spent in this place.
 C = Inter-level travel time spent in this place.
 D = Time resting spent in this place.
 E = Time spent auto-exploring this place.
 F = Levels seen in this place.
 G = Mean time per level.
                   A        B        C        D        E       F      G
               +--------+--------+--------+--------+--------+-----+--------+
         Total |   1574 |   1506 |     68 |      9 |   1130 |   3 |  524.7 |
       Dungeon |   1574 |   1506 |     68 |      9 |   1130 |   3 |  524.7 |
               +--------+--------+--------+--------+--------+-----+--------+

Top non-repeatable levels by time:
     D:1: 797 daAuts
     D:2: 723 daAuts
     D:4: 53 daAuts
